 Dungeon Crawl Stone Soup version 0.30-a0-782-ge64f9170bb (webtiles) character file.

Game seed: 15298777683702084632

6342 KleinerIrrer the Frost Mage (level 10, -1/73 HPs)
             Began as a Demonspawn Gladiator on Feb 19, 2023.
             Slain by a cyclops (15 damage)
             ... on level 9 of the Dungeon on Feb 20, 2023.
             The game lasted 00:22:20 (8174 turns).

KleinerIrrer the Frost Mage (Demonspawn Gladiator)  Turns: 8174, Time: 00:22:21

Health: -1/73      AC: 19    Str: 17    XL:     10   Next: 64%
Magic:  20/20      EV: 14    Int: 11    God:
Gold:   348        SH:  0    Dex: 17    Spells: 19/22 levels left

rFire   + . .      SeeInvis +    B - +7 hand axe "Onearimu" {freeze, Fly rF+ Will+ Dex+2}
rCold   . . .      Faith    .    (no shield)
rNeg    . . .      Spirit   .    J - +0 steam dragon scales
rPois   +          Reflect  .    c - +0 helmet
rElec   .          Harm     .    g - +2 cloak {rPois}
rCorr   +          Rampage  .    (no gloves)
Will    +....                    (no boots)
Stlth   ++                       M - amulet of magic regeneration
HPRegen 0.32/turn                x - ring of see invisible
MPRegen 0.57/turn                H - ring of resist corrosion

@: ice-armoured, flying
A: icy blue scales 2, demonic guardian 2, powered by death 2
a: no special abilities


You were on level 9 of the Dungeon.
You visited 2 branches of the dungeon, and saw 10 of its levels.

You collected 503 gold pieces.
You spent 155 gold pieces at shops.

Inventory:

Hand Weapons
 a - a +0 trident
 y - a +0 spear of venom
 B - the +7 hand axe "Onearimu" (weapon) {freeze, Fly rF+ Will+ Dex+2}
   (You took it off a goblin on level 4 of the Dungeon)

   Dex:       It affects your dexterity (+2).
   rF:        It protects you from fire.
   Fly:       It grants you flight.
   Will:      It increases your willpower.
 F - a +1 antimagic war axe
 L - a +2 battleaxe of electrocution
Missiles
 d - 2 throwing nets
 e - 3 javelins (quivered)
 t - 13 poisoned darts
Armour
 c - a +0 helmet (worn)
 g - a +2 cloak of poison resistance (worn)
 J - +0 steam dragon scales (worn)
 N - a +0 buckler
Jewellery
 x - a ring of see invisible (left hand)
 H - a ring of resist corrosion (right hand)
 M - an amulet of magic regeneration (around neck)
Wands
 u - a wand of charming (17)
 C - a wand of acid (1)
 G - a wand of roots (7)
Scrolls
 f - 3 scrolls of blinking {unknown}
 h - 8 scrolls of identify
 i - a scroll of fear {unknown}
 l - a scroll of fog {unknown}
 n - 4 scrolls of teleportation
 q - 2 scrolls of vulnerability {unknown}
 s - a scroll of brand weapon {unknown}
 A - 5 scrolls of immolation {unknown}
 E - 4 scrolls of enchant armour {unknown}
 I - 2 scrolls of noise {unknown}
 K - a scroll of poison {unknown}
Potions
 b - 2 potions of resistance
 j - 3 potions of curing
 k - 2 potions of brilliance
 m - 2 potions of lignification
 o - 4 potions of mutation {unknown}
 p - 2 potions of degeneration {unknown}
 r - 6 potions of heal wounds
 v - a potion of flight {unknown}
 w - 4 potions of might {unknown}
 z - 3 potions of haste {unknown}
 D - a potion of ambrosia {unknown}


   Skills:
 - Level 4.7 Fighting
 - Level 4.2(5.9) Axes
 - Level 6.3(6.9) Polearms
 - Level 1.7 Throwing
 - Level 4.4 Dodging
 + Level 6.7 Spellcasting
 * Level 9.6 Ice Magic


You had 19 spell levels left.
You knew the following spells:

 Your Spells              Type           Power      Damage    Failure   Level
a - Ozocubu's Armour      Ice            25%        N/A       1%          3

Your spell library contained the following spells:

 Spells                   Type           Power      Damage    Failure   Level
 Inner Flame              Hex/Fire       3%         N/A       47%         3
 Metabolic Englaciation   Hex/Ice        7%         N/A       56%         5
 Cause Fear               Hex            1%         N/A       87%         4
 Ozocubu's Refrigeration  Ice            12%        4d10      96%         7
 Simulacrum               Ice/Necr       7%         N/A       98%         6
 Fireball                 Conj/Fire      1%         3d3       99%         5
 Iskenderun's Battlesphe  Conj           3%         2d6       99%         5
 Conjure Ball Lightning   Conj/Air       1%         3x3d6     100%        6
 Iron Shot                Conj/Erth      1%         9d1       100%        6
 Orb of Destruction       Conj           1%         9d5       100%        7
 Spellforged Servitor     Conj/Summ      1%         N/A       100%        7
 Discord                  Hex            1%         N/A       100%        8


Dungeon Overview and Level Annotations

Branches:
Dungeon (9/15)             Temple (1/1) D:5            Lair (0/5) D:8
    Orc: D:9-12

Altars:
Ashenzari
Cheibriados
Dithmenos
Fedhas
Hepliaklqana
Kikubaaqudgha
Makhleb
Okawaru
Ru
Sif Muna
Uskayaw
Xom
Yredelemnul

Shops:
D:2 *   D:5 ?

Annotations:
D:4 1 runed translucent door, Crazy Yiuf
D:5 2 transporters


Innate Abilities, Weirdness & Mutations

You are mostly covered in icy blue scales. (AC +3)
A demonic guardian rushes to your aid.
You regenerate health from kills.


Message History

You kill the kobold!
You slash the kobold! You freeze the kobold.
You kill the kobold!
You closely miss the kobold. The kobold hits you but does no damage.
You hit the kobold. You freeze the kobold.
You kill the kobold!
Your icy armour cracks and falls away as you move.
There is an open door, spattered with blood here.
Items here: (( )))))) ††.
You reach down and open the door.
There is an open door here.
Found a scale mail.
Found a stone staircase leading up.
A cyclops comes into view.
You see here a +0 scale mail.
The cyclops barely misses you.
Casting: Ozocubu's Armour (safe; 1% risk of failure)
Confirm with . or Enter, or press ? or * to list all spells.
A film of ice covers your body! The cyclops hits you!
You hit the cyclops. You freeze the cyclops.
The cyclops is lightly wounded.
You hit the cyclops. You freeze the cyclops.
The cyclops is moderately wounded.
The cyclops barely misses you.
You hit the cyclops. You freeze the cyclops.
The cyclops is moderately wounded.
The cyclops hits you!
You slash the cyclops! You freeze the cyclops.
The cyclops is severely wounded.
You slash the cyclops! You freeze the cyclops.
The cyclops is almost dead.
The cyclops hits you!
You hit the cyclops. You freeze the cyclops.
The cyclops is almost dead.
The cyclops hits you!!
* * * LOW HITPOINT WARNING * * *
A demonic guardian appears!
You hit the cyclops. You freeze the cyclops.
The cyclops is almost dead.
The cyclops hits you!
You die...

##...###.....# #
#............# #
##...#######.# #
##.## #.# # #.# #.#
#........ # #.# #[#
#........ # ##'##
###.###### #........
# ##...## #..4.....#
#.)...... #
##.....##
#.#@###...##........
# ##..>....#
#.#.C...............
###.........##
#.#######.........
..).........+
..................
###.........#
#.#.###.#.........
####.......##
..#.....#.#.#.....
....#.....##
..#.._..#.#.#.#.#.
###.##..<##
#.#.....#...#.#.#. #
#.# #+##
###.#.........


You could see a cyclops (ally target) and a friendly hellwing (summoned).

Vanquished Creatures
  A two-headed ogre (D:6)
  A shadow (D:9)
  3 yaks (D:8)
  2 wyverns (D:8)
  A steam dragon (D:7)
  7 water moccasins
  Duvessa (D:6)
  5 orc warriors
  5 black bears
  4 ogres
  2 centaurs
  2 kobold brigands
  5 bullfrogs
  A necrophage (D:7)
  A gnoll sergeant (D:8)
  5 scorpions
  3 wights (D:8)
  3 killer bees (D:8)
  4 howler monkeys
  2 hounds
  2 jellies
  9 orc priests
  2 iguanas (D:6)
  An orc wizard (D:4)
  A mummy (D:6)
  6 gnolls
  3 adders
  A shadow imp (D:6)
  A white imp (D:5)
  3 ufetubi
  A worm (D:2)
  2 dart slugs
  58 orcs
  5 bats
  7 endoplasms
  4 giant cockroaches
  7 goblins
  8 hobgoblins
  7 jackals
  2 quokkas
  5 ball pythons
  5 frilled lizards
  17 kobolds
  6 rats
221 creatures vanquished.

Vanquished Creatures (collateral kills)
  A yak (D:8)
  A water moccasin (D:8)
  An orc warrior (D:5)
  Dowan (D:6)
  An iguana (D:5)
  An orc wizard (D:3)
  An adder (D:5)
  An ufetubus (D:5)
  A dart slug (D:5)
  4 orcs
  A rat (D:3)
14 creatures vanquished.

Vanquished Creatures (others)
  A black bear (D:5)
  A scorpion (D:5)
  6 fungi (D:8)
  22 plants (D:8)
30 creatures vanquished.

Grand Total: 265 creatures vanquished

Notes
Turn   | Place    | Note
-------+----------+-------------------------------------------
     0 | D:1      | KleinerIrrer the Demonspawn Gladiator began the quest for
                  | the Orb.
     0 | D:1      | Reached XP level 1. HP: 16/16 MP: 1/1
   200 | D:1      | Gained mutation: A weak demonic guardian rushes to your
                  | aid. [demonic ancestry]
   200 | D:1      | Reached XP level 2. HP: 22/22 MP: 2/2
   450 | D:1      | Reached XP level 3. HP: 27/27 MP: 3/3
   941 | D:2      | Gained mutation: You regenerate a little health from kills.
                  | [demonic ancestry]
   941 | D:2      | Reached XP level 4. HP: 33/33 MP: 4/4
  1023 | D:2      | Found Meorhucuss's Assorted Antiques.
  1035 | D:2      | Bought a pink potion for 15 gold pieces
  1035 | D:2      | Bought a glowing yellow potion for 15 gold pieces
  1035 | D:2      | Bought 2 scrolls labelled RIDAZY CIUNE for 34 gold pieces
  1401 | D:3      | Reached skill level 5 in Polearms
  1531 | D:3      | Gained mutation: A demonic guardian rushes to your aid.
                  | [demonic ancestry]
  1531 | D:3      | Reached XP level 5. HP: 26/38 MP: 5/5
  1931 | D:4      | Noticed an ogre
  1935 | D:4      | Identified the +7 hand axe "Onearimu" {freeze, Fly rF+
                  | Will+ Dex+2}
  1949 | D:4      | Killed an ogre
  1950 | D:4      | Gained mutation: You are partially covered in icy blue
                  | scales. (AC +2) [demonic ancestry]
  1950 | D:4      | Reached XP level 6. HP: 22/44 MP: 6/6
  2154 | D:4      | Reached skill level 1 in Axes
  2401 | D:4      | Reached XP level 7. HP: 52/52 MP: 7/7
  2576 | D:4      | Found a runed translucent door.
  2577 | D:4      | Noticed Crazy Yiuf
  2749 | D:5      | Entered Level 5 of the Dungeon
  2972 | D:5      | Found a shimmering altar of Xom.
  3087 | D:5      | Found Ynuntint's Magic Scroll Boutique.
  3095 | D:5      | Bought a scroll of identify for 26 gold pieces
  3095 | D:5      | Bought a scroll of identify for 26 gold pieces
  3095 | D:5      | Bought a scroll of teleportation for 39 gold pieces
  3125 | D:5      | Reached XP level 8. HP: 19/60 MP: 8/8
  3302 | D:5      | Found a blossoming altar of Fedhas.
  3321 | D:5      | Found a transporter.
  3353 | D:5      | Found a hide-covered altar of Uskayaw.
  3353 | D:5      | Noticed a +0 short sword
  3353 | D:5      | Noticed a +0 spear
  3354 | D:5      | Noticed a +0 dagger
  3354 | D:5      | Noticed a +0 short sword
  3355 | D:5      | Noticed a +0 falchion
  3355 | D:5      | Noticed a +0 dagger
  3356 | D:5      | Noticed a +0 spear
  3356 | D:5      | Noticed a +0 falchion
  3411 | D:5      | Found a transporter.
  3583 | D:5      | Found a staircase to the Ecumenical Temple.
  3589 | Temple   | Entered the Ecumenical Temple
  3815 | D:6      | Learned a level 3 spell: Ozocubu's Armour
  3840 | D:6      | Found a snail-covered altar of Cheibriados.
  3858 | D:6      | Noticed a two-headed ogre
  3867 | D:6      | Killed a two-headed ogre
  3868 | D:6      | Reached skill level 4 in Ice Magic
  3996 | D:6      | Gained mutation: You regenerate health from kills. [demonic
                  | ancestry]
  3996 | D:6      | Reached XP level 9. HP: 26/66 MP: 13/13
  4186 | D:6      | Noticed Duvessa
  4186 | D:6      | Noticed Dowan
  4195 | D:6      | Killed Duvessa
  4196 | D:6      | Reached skill level 5 in Ice Magic
  4202 | D:6      | Killed Dowan
  4954 | D:7      | Reached skill level 6 in Ice Magic
  4997 | D:7      | Found a shadowy altar of Dithmenos.
  5256 | D:7      | Found an ancient bone altar of Kikubaaqudgha.
  5953 | D:8      | Reached skill level 7 in Ice Magic
  6001 | D:8      | Reached skill level 5 in Spellcasting
  6160 | D:8      | Found a basalt altar of Yredelemnul.
  6269 | D:8      | Gained mutation: You are mostly covered in icy blue scales.
                  | (AC +3) [demonic ancestry]
  6269 | D:8      | Reached XP level 10. HP: 38/73 MP: 15/18
  6271 | D:8      | Reached skill level 8 in Ice Magic
  6816 | D:8      | Found a staircase to the Lair.
  6867 | D:8      | Reached skill level 9 in Ice Magic
  7587 | D:9      | Found a shimmering blue altar of Sif Muna.
  8161 | D:9      | Noticed a cyclops
  8174 | D:9      | Slain by a cyclops

Illustrated notes

Levels and vault maps discovered:
D:1:      minmay_arrival_up_and_down, layout_basic
D:2:      layout_rooms, serial_shops, nicolae_shop_overgrown_old_shop
D:3:      layout_rooms
D:4:      nicolae_cairo_tiling, layout_loops_ring, uniq_crazy_yiuf_cottage
D:5:      gammafunk_cloud_chamber, layout_rooms,
          mainiacjoe_overflow_six_doors_small, xom_confusion_cloud,
          nicolae_overflow_hidden_temple, nicolae_uskayaw_en_pointe,
          temple_green, serial_shops, shop_fountains,
          hangedman_abyss_or_decor_slice, nicolae_fountain_basement
D:6:      layout_basic, slow_altar_1, uniq_duvessa
D:7:      layout_basic, nicolae_tso_carved_into_rock,
          mainiacjoe_overflow_chevrons, mainiacjoe_overflow_alcove_2,
          hellmonk_bongcloud_opening
D:8:      layout_layer_cave, old_standard_altar, minmay_lair_entry_grove,
          special_room [special_room_orc], corexii_leaking_fountain
D:9:      layout_loops_corners, mainiacjoe_overflow_cross_hatched
Temple:   nicolae_temple_great_sept

Skill      XL: |  1  2  3  4  5  6  7  8  9 10 |
---------------+-------------------------------+-----
Polearms       | 3 4 5 6 |  6.3
Dodging        | 3 4 |  4.4
Axes           | 2 3 4 |  4.2
Fighting       | 3 4 |  4.7
Spellcasting   | 3 5 6 |  6.7
Ice Magic      | 4 7 9 |  9.6
Throwing       | |  1.7

Action                     |  1- 3 |  4- 6 |  7- 9 | 10-12 || total
---------------------------+-------+-------+-------+-------++-------
  Melee: Trident           |   131 |    93 |       |       ||   224
         Punch             |     4 |     3 |     3 |     2 ||    12
         Spear             |       |     9 |       |       ||     9
         Hand axe          |       |    37 |   231 |   170 ||   438
  Throw: Dart              |       |     4 |       |       ||     4
         Throwing net      |       |     3 |       |       ||     3
         Javelin           |       |       |     9 |       ||     9
   Cast: Ozocubu's Armour  |       |       |    23 |    15 ||    38
  Evoke: Wand              |       |       |     4 |       ||     4
    Use: Scroll            |       |     3 |       |       ||     3
         Potion            |       |     2 |       |       ||     2
   Stab: Sleeping          |     1 |     2 |       |       ||     3
         Distracted        |     1 |       |       |       ||     1
         Held in net/web   |       |     1 |       |       ||     1
 Armour: Leather armour    |    39 |    54 |    42 |       ||   135
         Steam dragon scal |       |       |    36 |    61 ||    97
  Dodge: Dodged            |    60 |    61 |   157 |    99 ||   377

Table legend: (Time is in decaauts)
 A = Elapsed time spent in this place.
 B = Non-inter-level travel time spent in this place.
 C = Inter-level travel time spent in this place.
 D = Time resting spent in this place.
 E = Time spent auto-exploring this place.
 F = Levels seen in this place.
 G = Mean time per level.
                   A        B        C        D        E       F      G
               +--------+--------+--------+--------+--------+-----+--------+
         Total |   8200 |   7741 |    459 |    394 |   5723 |  10 |  820.0 |
       Dungeon |   8113 |   7665 |    448 |    394 |   5657 |   9 |  901.4 |
        Temple |     87 |     76 |     11 |      0 |     66 |   1 |   87.0 |
               +--------+--------+--------+--------+--------+-----+--------+

Top non-repeatable levels by time:
     D:8: 1708 daAuts
     D:6: 1107 daAuts
     D:4: 1026 daAuts
     D:7: 1022 daAuts
     D:5: 810 daAuts
     D:1: 714 daAuts
     D:3: 594 daAuts
     D:9: 586 daAuts
     D:2: 542 daAuts
  Temple: 87 daAuts
